 Dungeon Crawl Stone Soup version 0.20.1-1-g8b1a95d (webtiles) character file.

44 Monsterracer the Insei (level 3, 0/25 HPs)
             Began as a Vampire Transmuter on Aug 20, 2017.
             Slain by a worm (11 damage)
             ... on level 2 of the Dungeon.
             The game lasted 00:02:08 (1363 turns).

Monsterracer the Insei (Vampire Transmuter)         Turns: 1363, Time: 00:02:09

Health: 0/25       AC:  2    Str:  9    XL:     3   Next: 39%
Magic:  6/6        EV: 12    Int: 16    God:
Gold:   54         SH:  0    Dex: 14    Spells: 0/6 levels left

rFire    . . .     SeeInvis +     - Unarmed
rCold    . . .     Gourm    .   (no shield)
rNeg     . . .     Faith    .   b - +0 robe
rPois    .         Spirit   .   (no helmet)
rElec    .         Reflect  .   (no cloak)
rCorr    .         Harm     .   (no gloves)
MR       .....                  (no boots)
Stlth    +.........             (no amulet)
Regen    0.3/turn               (no ring)
MPRegen  0.1/turn               (no ring)

@: regenerating quickly
A: fangs 3, see invisible, unbreathing
a: no special abilities


You were on level 2 of the Dungeon.
You were almost alive.

You visited 1 branch of the dungeon, and saw 2 of its levels.

You collected 54 gold pieces.

Inventory:

Missiles
 a - 75 arrows
Armour
 b - a +0 robe (worn)
Scrolls
 d - 3 scrolls of identify {unknown}
 h - 2 scrolls of enchant weapon {unknown}
 i - 2 scrolls of immolation {unknown}
 j - a scroll of random uselessness {unknown}
 l - a scroll of teleportation {unknown}
 o - a scroll of noise {unknown}
Potions
 e - a potion of cancellation {unknown}
 f - a potion of agility {unknown}
 g - a potion of resistance {unknown}
 k - a potion of flight {unknown}
 m - 2 potions of curing {unknown}
 n - 3 potions of haste {unknown}
 p - a potion of might {unknown}
Books
 c - a book of Changes

   Spells                             Type                      Level
   a - Beastly Appendage              Transmutation                1
   b - Sticks to Snakes               Transmutation                2
   c - Spider Form                    Transmutation/Poison         3
   d - Ice Form                       Ice/Transmutation            4
   e - Blade Hands                    Transmutation                5


   Skills:
 - Level 0.8 Fighting
 - Level 2.1 Dodging
 + Level 4.1 Unarmed Combat
 - Level 2.0 Spellcasting
 + Level 3.3 Transmutations


You couldn't memorise any spells.
You knew the following spells:

 Your Spells              Type           Power        Failure   Level  Hunger
a - Beastly Appendage     Tmut           ##....       5%          1    #......
b - Sticks to Snakes      Tmut           ##......     8%          2    ###....
c - Spider Form           Tmut/Pois      #.........   30%         3    ###....


Dungeon Overview and Level Annotations

Branches:
Dungeon (2/15)

Altars:


Innate Abilities, Weirdness & Mutations

Your natural rate of healing is unusually fast.
You have razor-sharp teeth.
You have supernaturally acute eyesight. (SInv)
You can survive without breathing.


Message History

The worm is heavily wounded.
The worm bites you.
Damage: -16%(-4hp) hp: 84%(21hp)
You hit the worm.
The worm is heavily wounded.
You hit the worm but do no damage.
The worm is heavily wounded.
The worm bites you.
Damage: -4%(-1hp) hp: 80%(20hp)
You hit the worm but do no damage.
The worm is moderately wounded.
You hit the worm.
The worm is severely wounded.
The worm bites you!
* * * LOW HITPOINT WARNING * * *
Huge Dmg: -36%(-9hp) hp: 44%(11hp)
You hit the worm.
The worm is almost dead.
The worm bites you!
You die...

# # ## .######.#
........# .########
.#
.##################.#
................@w..#
.####################
##


You could see a worm.

Vanquished Creatures
  An adder (D:2)
  A worm (D:2)
  A dart slug (D:1)
  2 leopard geckos
  2 giant cockroaches
  5 goblins
  3 hobgoblins
  4 bats
  4 frilled lizards
  4 kobolds
  3 rats
30 creatures vanquished.

Notes
Turn   | Place    | Note
-------+----------+-------------------------------------------
     0 | D:1      | Monsterracer the Vampire Transmuter began the quest for the Orb.
     0 | D:1      | Reached XP level 1. HP: 14/14 MP: 3/3
   102 | D:1      | HP: 7/14 [leopard gecko (1)]
   261 | D:1      | HP: 3/14 [kobold/whip of electrocution (9)]
   421 | D:1      | Reached XP level 2. HP: 17/20 MP: 5/5
   425 | D:1      | Learned a level 2 spell: Sticks to Snakes
   958 | D:2      | Reached skill level 4 in Unarmed Combat
  1000 | D:2      | HP: 10/20 [adder (4)]
  1003 | D:2      | Reached XP level 3. HP: 13/25 MP: 6/6
  1008 | D:2      | HP: 5/25 [worm (9)]
  1028 | D:2      | Learned a level 3 spell: Spider Form
  1362 | D:2      | HP: 11/25 [worm (10)]
  1363 | D:2      | Slain by a worm

Skill      XL: |  1  2 |
---------------+-------+-----
Unarmed Combat | 4 |  4.1
Transmutations | 3 |  3.3
Fighting       | |  0.8
Dodging        | |  2.1
Spellcasting   | |  2.0

Action                   || total
-------------------------++-------
Melee: Unarmed           ||   107
       Bite              ||     7
       Punch             ||     3
 Cast: Beastly Appendage ||     1
       Sticks to Snakes  ||     1
  Use: Potion            ||    12
 Stab: Sleeping          ||     1
Armor: Robe              ||    16
Dodge: Dodged            ||    63
